 Dungeon Crawl Stone Soup version 0.27.1-34-g3ba077fa99 (webtiles) character file.

Game seed: 12320767370948108372

112 Theotherone the Cudgeller (level 4, 0/40 (43) HPs)
             Began as a Gargoyle Fighter on Jan 17, 2022.
             Slain by a kobold (2 damage)
             ... in a sewer on Jan 21, 2022.
             The game lasted 00:08:28 (2585 turns).

Theotherone the Cudgeller (Gargoyle Fighter)        Turns: 2585, Time: 00:08:29

HP:   0/40 (43)     AC: 22    Str: 20    XL:     4   Next: 93%
MP:   4/4           EV:  2    Int:  9    God:
Gold: 73            SH:  9    Dex:  9    Spells: 3/3 levels left

rFire    . . .     SeeInvis +   a - +1 flail
rCold    . . .     Faith    .   c - +0 kite shield
rNeg     + + +     Spirit   .   (armour currently unavailable)
rPois    ∞         Reflect  .   (helmet currently unavailable)
rElec    .         Harm     .   (cloak currently unavailable)
rCorr    .         Rampage  .   (gloves currently unavailable)
Will     .....     NoTele   +   (boots currently unavailable)
Stlth    +.........             (no amulet)
HPRegen  0.13/turn              m - ring of see invisible
MPRegen  0.09/turn              (no ring)

@: tree-form, very slightly contaminated, drained
A: stationary, stasis, torment immunity, boosted hp, sickness immunity, AC +3,
negative energy resistance 1, (electricity resistance), torment resistance 1,
petrification resistance
a: no special abilities


You were in a sewer.
You were a tree.
You visited 1 branch of the dungeon, and saw 3 of its levels.
You also visited: Sewer.

You collected 73 gold pieces.

Inventory:

Hand Weapons
 a - a +1 flail (weapon)
Armour
 b - a +0 scale mail
 c - a +0 kite shield (worn)
 k - a +0 chain mail (melded)
 p - a scarf of invisibility (melded)
Jewellery
 m - a ring of see invisible (left branch)
Scrolls
 j - a scroll of identify {@r1}
 l - a scroll of teleportation
Potions
 d - a potion of might
 f - a potion of attraction
 g - a potion of lignification
 n - a potion of heal wounds {unknown}


   Skills:
 + Level 3.6 Fighting
 + Level 4.7 Maces & Flails
 - Level 3.2 Armour
 - Level 3.2 Shields


You had 3 spell levels left.
You didn't know any spells.
Your spell library was empty.

Dungeon Overview and Level Annotations

Branches:
Dungeon (3/15)              Sewer (1/1)

Altars:


Innate Abilities, Weirdness & Mutations

You are a tree.
Your roots penetrate the ground, keeping you stationary.
You cannot be teleported.
You are immune to unholy pain and torment.
Your maximum health is greatly increased.
Your equipment is partially melded.
You are immune to sickness and miasma.
((Your stone body is resilient. (AC +3)))
You are immune to poison.
You resist negative energy. (rN+)
((You are resistant to electric shocks. (rElec)))
You are resistant to unholy torment.
You are immune to petrification.


Message History

The kobold splashes around in the water.
The kobold hits you but does no damage.
The kobold brigand splashes around in the water.
You block the kobold's attack. The kobold hits you but does no damage.
Really quaff the potion of lignification?
Okay, then.
Really quaff the potion of lignification?
You turn into a tree.
Your scarf of invisibility melds into your body.
Your +0 chain mail melds into your body.
Your roots penetrate the ground.
You block the kobold's attack. The kobold brigand barely misses you.
The kobold hits you but does no damage. The kobold barely misses you.
You hit the kobold brigand.
The kobold brigand is severely wounded.
The kobold hits you but does no damage. You block the kobold's attack.
The kobold brigand hits you but does no damage.
The kobold hits you but does no damage. You block the kobold's attack.
You hit the kobold brigand but do no damage.
The kobold brigand is severely wounded.
The kobold hits you but does no damage.
The kobold brigand hits you but does no damage.
You block the kobold's attack. The kobold hits you but does no damage.
The kobold brigand hits you but does no damage.
The kobold hits you with a +1 short sword of protection.
* * * LOW HITPOINT WARNING * * *
You sock the kobold brigand!
The kobold brigand is almost dead.
The kobold barely misses you. You block the kobold's attack.
The kobold brigand splashes around in the water.
The kobold hits you with a +1 short sword of protection.
* * * LOW HITPOINT WARNING * * *
The kobold splashes around in the water.
You hit the kobold brigand.
You kill the kobold brigand!
You hear a splash. x2
The kobold hits you but does no damage. You block the kobold's attack.
The kobold splashes around in the water.
The kobold hits you with a +0 short sword.
You die...

##### ≈## ≈≈≈≈≈≈ ≈≈≈≈≈≈
≈≈≈≈≈ ≈≈≈≈≈≈ ≈≈≈≈ ≈≈≈≈≈
#### #########≈#######≈#≈
#..?.#≈≈≈.P≈P≈≈P≈≈..≈≈≈≈≈
#.∩..'≈)....≈≈≈≈≈≈...≈P≈≈
#..!.'.)KK..P≈†.......≈.≈
#.!!.#.K♣................
#######..................
#..................
###................
#####..P.........
###.####..### ### ####


You could see 3 kobolds.

Vanquished Creatures
  A kobold brigand (Sewer)
  5 adders (D:2)
  A dart slug (D:2)
  3 bats (D:1)
  5 endoplasms
  9 giant cockroaches
  4 goblins
  4 hobgoblins
  4 jackals (D:1)
  5 quokkas
  4 ball pythons
  4 frilled lizards
  5 kobolds
  5 rats
59 creatures vanquished.

Vanquished Creatures (others)
  A fungus (Sewer)
  A plant (Sewer)
2 creatures vanquished.

Grand Total: 61 creatures vanquished

Notes
Turn   | Place    | Note
-------+----------+-------------------------------------------
     0 | D:1      | Theotherone the Gargoyle Fighter began the quest for the
                  | Orb.
     0 | D:1      | Reached XP level 1. HP: 14/14 MP: 1/1
   393 | D:1      | Reached XP level 2. HP: 19/19 MP: 2/2
  1050 | D:1      | Reached skill level 3 in Maces & Flails
  1106 | D:1      | Reached XP level 3. HP: 23/23 MP: 3/3
  1459 | D:2      | HP: 1/23 [adder (3)]
  1856 | D:2      | Reached XP level 4. HP: 25/28 MP: 4/4
  2042 | D:2      | Found a faded altar of an unknown god.
  2051 | D:2      | Reached skill level 4 in Maces & Flails
  2279 | D:3      | Found a glowing drain.
  2458 | Sewer    | Entered a sewer
  2559 | Sewer    | Noticed a kobold brigand
  2584 | Sewer    | HP: 2/40 [kobold (2)]
  2585 | Sewer    | Killed a kobold brigand
  2585 | Sewer    | Slain by a kobold

Illustrated notes

Levels and vault maps discovered:
D:1:      dpeg_arrival_snail, layout_basic
D:2:      layout_basic, hellmonk_ecumenical_altar_crossroads,
          kennysheep_cluttered_room, minmay_small_reverse_x
D:3:      layout_loops_ring, gup_sewer_entry_pipe, nrook_mini_backslash
Sewer:    kennysheep_pipe_town

Skill      XL: |  1  2  3  4 |
---------------+-------------+-----
Maces & Flails | 3 4 |  4.7
Fighting       | |  3.6
Armour         | |  3.2
Shields        | |  3.2

Action                   |  1- 3 |  4- 6 || total
-------------------------+-------+-------++-------
Melee: Flail             |   138 |   106 ||   244
 Abil: Evoke Invisibilit |       |     1 ||     1
  Use: Potion            |     1 |     1 ||     2
       Scroll            |       |     6 ||     6
Armor: Scale mail        |    96 |       ||    96
       Chain mail        |    31 |   102 ||   133
       Skin              |     6 |     9 ||    15
Dodge: Dodged            |    84 |    41 ||   125
Block: Kite shield       |   113 |    92 ||   205
